 Dungeon Crawl Stone Soup version 0.30-a0-862-g1aabd4f9c5 (webtiles) character file.

Game seed: 14371868276285282767

168 bande the Covered (level 5, 0/33 HPs)
             Began as a Gargoyle Fighter on Mar 8, 2023.
             Slain by a water moccasin (7 damage)
             ... on level 6 of the Dungeon.
             The game lasted 00:02:20 (1891 turns).

bande the Covered (Gargoyle Fighter)                Turns: 1891, Time: 00:02:21

Health: 0/33       AC: 11    Str: 19    XL:     5   Next: 48%
Magic:  5/5        EV:  9    Int:  9    God:
Gold:   58         SH:  4    Dex: 11    Spells: 4/4 levels left

rFire   . . .      SeeInvis .    a - +0 war axe
rCold   . . .      Faith    .    c - +0 buckler
rNeg    + . .      Spirit   .    b - +0 scale mail
rPois   ∞          Reflect  .    (no helmet)
rElec   +          Rampage  .    (no cloak)
rCorr   .                        (no gloves)
Will    .....                    (no boots) Stlth
                                 (no amulet)
HPRegen 0.25/turn                (no ring)
MPRegen 0.09/turn                (no ring)

@: no status effects
A: sickness immunity, AC +4, negative energy resistance 1, electricity
resistance, torment resistance 1, petrification resistance
a: no special abilities


You were on level 6 of the Dungeon.
You visited 1 branch of the dungeon, and saw 4 of its levels.

You collected 58 gold pieces.

Inventory:

Hand Weapons
 a - a +0 war axe (weapon)
Armour
 b - a +0 scale mail (worn)
 c - a +0 buckler (worn)
Wands
 l - a wand of light (5)
Scrolls
 f - 2 scrolls of teleportation {unknown}
 g - a scroll of torment {unknown}
 h - a scroll of blinking {unknown}
 j - a scroll of vulnerability {unknown}
 k - a scroll of fog {unknown}
Potions
 d - a potion of might
 e - a potion of lignification {unknown}
 i - 2 potions of heal wounds {unknown}
 m - a potion of invisibility {unknown}
 n - a potion of degeneration {unknown}


   Skills:
 + Level 3.9 Fighting
 + Level 3.6 Axes
 + Level 4.1 Armour
 - Level 0.2 Stealth
 + Level 3.7 Shields
 * Level 1.0 Evocations


You had 4 spell levels left.
You didn't know any spells.
Your spell library contained the following spells:

 Spells                   Type           Power      Damage    Failure   Level
 Slow                     Hex            0%         N/A       83%         1
 Confusing Touch          Hex            0%         N/A       99%         3
 Vampiric Draining        Necr           0%         2d6       99%         3


Dungeon Overview and Level Annotations

Branches:
Dungeon (3/15)

Altars:


Innate Abilities, Weirdness & Mutations

You are immune to sickness and miasma.
Your stone body is resilient. (AC +4)
You are immune to poison.
You resist negative energy. (rN+)
You are resistant to electric shocks. (rElec)
You are resistant to unholy torment.
You are immune to petrification.


Message History

You pick up a book of Debilitation and begin reading...
You add the spells Slow, Vampiric Draining and Confusing Touch to your library.
You slash the jelly!
Your hands burn!
The jelly is severely wounded.
The jelly closely misses you.
You slash the jelly!
You kill the jelly!
Your Evocations skill increases to level 1!
HP restored.
You open the door.
There is an open door here.
You open the door.
There is an open door here.
You now have 58 gold pieces (gained 8).
You open the door.
A water moccasin comes into view.
The water moccasin hisses angrily.
There is an open door here.
The water moccasin bites you.
You closely miss the water moccasin.
The water moccasin bites you but does no damage.
The water moccasin bites you!
You closely miss the water moccasin. The water moccasin bites you!
The water moccasin completely misses you.
You barely miss the water moccasin. You block the water moccasin's attack.
The water moccasin bites you but does no damage.
You hit the water moccasin but do no damage.
The water moccasin bites you! The water moccasin bites you.
* * * LOW HITPOINT WARNING * * *
You are too injured to fight recklessly!
You are too injured to fight recklessly!
You are too injured to fight recklessly!
You are too injured to fight recklessly!
You are too injured to fight recklessly!
You are too injured to fight recklessly!
You are too injured to fight recklessly!
You are too injured to fight recklessly!
You miss the water moccasin. The water moccasin barely misses you.
The water moccasin bites you!
You die...

... ..#+#### ......#+##
#.. #.....#..# ..#
#.....#..# #.# #.....#..#
#####.#
#.....#S.########.....#
#.....#@.#............#
#.....#'##............##
#.......................
+.........#'########'#..
#.........#.....#....#..
............#.....#....#..
...#+########.....#....#..
.... ......#....#..


.PP #.....##...#.. You could see a water moccasin.

Vanquished Creatures
  A bullfrog (D:6)
  A jelly (D:6)
  3 adders
  2 worms (D:2)
  2 dart slugs
  5 bats
  6 endoplasms
  A giant cockroach (D:3)
  4 goblins
  2 hobgoblins
  A quokka (D:2)
  5 ball pythons
  A frilled lizard (D:2)
  A kobold (D:1)
  5 rats
40 creatures vanquished.

Vanquished Creatures (others)
  7 plants (D:6)
7 creatures vanquished.

Grand Total: 47 creatures vanquished

Notes
Turn   | Place    | Note
-------+----------+-------------------------------------------
     0 | D:1      | bande the Gargoyle Fighter began the quest for the Orb.
     0 | D:1      | Reached XP level 1. HP: 14/14 MP: 1/1
    51 | D:1      | Found a faded altar of an unknown god.
   196 | D:1      | Reached XP level 2. HP: 9/19 MP: 2/2
   763 | D:2      | Reached XP level 3. HP: 14/23 MP: 3/3
  1364 | D:2      | Reached XP level 4. HP: 29/29 MP: 4/4
  1653 | D:3      | You fall into a shaft and drop 3 floors!
  1659 | D:6      | Noticed a bullfrog
  1665 | D:6      | Killed a bullfrog
  1666 | D:6      | Reached skill level 4 in Armour
  1666 | D:6      | Reached XP level 5. HP: 16/33 MP: 5/5
  1851 | D:6      | Reached skill level 1 in Evocations
  1884 | D:6      | Noticed a water moccasin
  1891 | D:6      | Slain by a water moccasin

Illustrated notes

Levels and vault maps discovered:
D:1:      dpeg_arrival_brainrot, layout_basic,
          ebering_ecumenical_altar_sacrificial
D:2:      layout_basic
D:3:      layout_rooms, chequers_serial_rivers_small_b
D:6:      layout_gridville, nicolae_ru_the_path_less_chosen,
          nicolae_hepliaklqana_hazy_memory, minmay_temple_entry_hall,
          uniq_maggie

Skill      XL: |  1  2  3  4  5 |
---------------+----------------+-----
Axes           | 2 3 |  3.6
Armour         | 4 |  4.1
Evocations     | 1 |  1.0
Fighting       | |  3.9
Stealth        | |  0.2
Shields        | |  3.7

Action                     |  1- 3 |  4- 6 || total
---------------------------+-------+-------++-------
  Melee: War axe           |    77 |    25 ||   102
 Armour: Scale mail        |    51 |    16 ||    67
  Dodge: Dodged            |    45 |     9 ||    54
  Block: Buckler           |    13 |     3 ||    16

Table legend: (Time is in decaauts)
 A = Elapsed time spent in this place.
 B = Non-inter-level travel time spent in this place.
 C = Inter-level travel time spent in this place.
 D = Time resting spent in this place.
 E = Time spent auto-exploring this place.
 F = Levels seen in this place.
 G = Mean time per level.
                   A        B        C        D        E       F      G
               +--------+--------+--------+--------+--------+-----+--------+
         Total |   1933 |   1900 |     33 |    324 |   1270 |   4 |  483.2 |
       Dungeon |   1933 |   1900 |     33 |    324 |   1270 |   4 |  483.2 |
               +--------+--------+--------+--------+--------+-----+--------+

Top non-repeatable levels by time:
     D:2: 804 daAuts
     D:1: 761 daAuts
     D:6: 242 daAuts
     D:3: 124 daAuts
